 Dungeon Crawl Stone Soup version 0.28-b1-25-g9875b3fc8c (webtiles) character file.

Game seed: 16434085222907059458

1439 crazypyro the Cleaver (level 8, -3/69 HPs)
             Began as a Minotaur Fighter on Jan 31, 2022.
             Was an Initiate of Gozag.
             Slain by Harold (17 damage)
             ... on level 7 of the Dungeon.
             The game lasted 00:07:38 (6738 turns).

crazypyro the Cleaver (Minotaur Fighter)            Turns: 6738, Time: 00:07:39

Health: -3/69      AC:  9    Str: 22    XL:     8   Next: 45%
Magic:  7/7        EV:  9    Int:  5    God:    Gozag
Gold:   560        SH:  5    Dex: 11    Spells: 7/7 levels left

rFire   + . .      SeeInvis .   a - +0 war axe (freeze)
rCold   . . .      Faith    .   c - +0 buckler
rNeg    . . .      Spirit   .   x - +0 chain mail
rPois   .          Reflect  .   (helmet restricted)
rElec   .          Harm     .   (no cloak)
rCorr   .          Rampage  .   (no gloves)
Will    .....                   (no boots)
Stlth   ..........              (no amulet)
HPRegen 0.21/turn               k - ring of protection from fire
MPRegen 0.10/turn               (no ring)

@: no status effects
A: horns 2, retaliatory headbutt
a: Renounce Religion, Potion Petition, Call Merchant, Bribe Branch


You were on level 7 of the Dungeon.
You worshipped Gozag.
Gozag was pleased with you.
You visited 2 branches of the dungeon, and saw 8 of its levels.
You also visited: Sewer.

You collected 596 gold pieces.
You paid 36 gold pieces to Gozag.

Inventory:

Hand Weapons
 a - a +0 war axe of freezing (weapon)
 z - a +0 war axe
Missiles
 h - a throwing net (quivered)
Armour
 b - a +0 scale mail
 c - a +0 buckler (worn)
 x - a +0 chain mail (worn)
Jewellery
 j - a ring of magical power
 k - a ring of protection from fire (left hand)
Wands
 t - a wand of iceblast (2)
 u - a wand of charming (14)
Scrolls
 g - 2 scrolls of blinking
 n - 3 scrolls of teleportation
 q - a scroll of brand weapon
 r - a scroll of fear
Potions
 d - a potion of might
 e - a potion of magic {unknown}
 f - 6 potions of curing
 i - 2 potions of heal wounds {unknown}
 l - 2 potions of haste {unknown}
 m - 2 potions of lignification {unknown}
 o - 3 potions of brilliance {unknown}
 p - 4 potions of attraction {unknown}
 s - a potion of mutation {unknown}


   Skills:
 * Level 5.4 Fighting
 + Level 9.8 Axes
 + Level 4.6 Armour
 + Level 4.6 Dodging
 - Level 5.1 Shields


You had 7 spell levels left.
You didn't know any spells.
Your spell library contained the following spells:

 Spells                   Type           Power      Damage    Failure   Level
 Sting                    Tmut/Pois      0%         1d3       99%         1
 Poisonous Vapours        Pois/Air       0%         N/A       100%        2
 Summon Guardian Golem    Hex/Summ       0%         N/A       100%        3
 Tukima's Dance           Hex            0%         N/A       100%        3
 Anguish                  Hex/Necr       0%         N/A       100%        4
 Animate Dead             Necr           0%         N/A       100%        4
 Olgreb's Toxic Radiance  Pois           0%         N/A       100%        4
 Enfeeble                 Hex            0%         N/A       100%        7
 Haunt                    Necr/Summ      0%         N/A       100%        7
 Orb of Destruction       Conj           0%         9d5       100%        7
 Spellforged Servitor     Conj/Summ      0%         N/A       100%        7
 Infestation              Necr           0%         N/A       100%        8


Dungeon Overview and Level Annotations

Branches:
Dungeon (7/15)             Temple (1/1) D:4           Sewer (visited)

Altars:
Ashenzari
Cheibriados
Elyvilon
Fedhas
Gozag
Hepliaklqana
Kikubaaqudgha
Makhleb
Nemelex Xobeh
Okawaru
Ru
Uskayaw
Vehumet
Wu Jian
Xom
Yredelemnul
Zin

Annotations:
D:7 Harold


Innate Abilities, Weirdness & Mutations

You have a pair of horns on your head.
You reflexively headbutt those who attack you in melee.


Message History

You block the orc's attack.
Things that are here:
6 gold pieces; a +0 hand axe The orc warrior throws a boomerang.
You block the boomerang.
There is a stone staircase leading down here.
You climb downwards.
Found 14 gold pieces.
Found a stone staircase leading up.
There is a stone staircase leading up here.
You feel a little less mighty now.
An orc wizard comes into view. It is wielding a +0 dagger.
Found a potion of curing.
Found a stone staircase leading down.
The orc wizard shouts!
The orc wizard gestures at you while chanting.
You resist with some effort.
You completely miss the orc wizard. Your headbutt misses the orc wizard.
You block the orc wizard's attack.
You hit the orc wizard but do no damage.
The orc wizard hits you with a +0 dagger.
You hit the orc wizard but do no damage.
You headbutt the orc wizard!
The orc wizard is severely wounded.
Harold the Weathered comes into view.
He is wielding a +0 halberd.
The orc wizard barely misses you. You furiously retaliate!
You headbutt the orc wizard, but do no damage.
You barely miss the orc wizard.
The orc wizard is severely wounded.
Harold shouts!
Harold fires a harpoon shot at you. The harpoon shot hits you.
You are yanked forward by the harpoon shot.
The orc wizard casts a spell.
The orc wizard flickers and vanishes!
Deactivating autopickup; reactivate with Ctrl-A.
Harold fires a harpoon shot at you. The harpoon shot hits you!
* * * LOW HITPOINT WARNING * * *
You are yanked forward by the harpoon shot.
Harold hits you with a +0 halberd!
You die...
Your body crumbles into a pile of gold.

#. #.#.## ..
#.#...
###.##.#.$##
.!....#...#
#.#..#...#
#....#...
#.##...#.#######
#....@..........
#####@##.######.
...#<<...#
$###.#...#.#
........#
#.####### ....
###.. $


You could see Harold.

Vanquished Creatures
  An acid dragon (D:4)
  Pargi (Sewer)
  An ogre (D:5)
  2 centaurs
  Blork the orc (D:5)
  A scorpion (D:5)
  A bullfrog (D:6)
  5 hounds
  A centaur zombie (D:5)
  A bullfrog zombie (D:6)
  3 orc priests
  2 iguanas
  A hound skeleton (D:4)
  11 gnolls
  2 howler monkey skeletons (D:4)
  10 adders
  2 river rats (D:5)
  2 white imps (D:6)
  An ufetubus (D:5)
  2 adder skeletons (D:4)
  3 worms
  4 dart slugs
  19 orcs
  15 ball pythons
  3 endoplasms
  5 giant cockroaches
  7 goblins
  5 hobgoblins
  7 jackals
  12 quokkas
  7 bats
  12 frilled lizards
  9 kobolds
  9 rats
168 creatures vanquished.

Notes
Turn   | Place    | Note
-------+----------+-------------------------------------------
     0 | D:1      | crazypyro the Minotaur Fighter began the quest for the Orb.
     0 | D:1      | Reached XP level 1. HP: 19/19 MP: 0/0
   204 | D:1      | Reached skill level 3 in Axes
   215 | D:1      | Reached XP level 2. HP: 19/26 MP: 1/1
   454 | D:1      | Reached skill level 4 in Axes
   818 | D:1      | Reached XP level 3. HP: 31/31 MP: 2/2
  1192 | D:2      | Reached skill level 5 in Axes
  1193 | D:2      | Reached XP level 4. HP: 3/39 MP: 3/3
  2179 | D:2      | Reached skill level 6 in Axes
  2185 | D:2      | Reached XP level 5. HP: 22/45 MP: 4/4
  2541 | D:3      | Reached skill level 7 in Axes
  2561 | D:3      | HP: 2/45 [iguana (2)]
  3411 | D:4      | Reached XP level 6. HP: 51/51 MP: 5/5
  3438 | D:4      | Reached skill level 8 in Axes
  3787 | D:4      | Found a staircase to the Ecumenical Temple.
  3800 | Temple   | Entered the Ecumenical Temple
  3840 | Temple   | Became a worshipper of Gozag Ym Sagoz the Greedy
  3879 | D:4      | Reached skill level 1 in Dodging
  4470 | D:4      | Noticed an acid dragon
  4477 | D:4      | Killed an acid dragon
  4478 | D:4      | Reached XP level 7. HP: 29/57 MP: 6/6
  4785 | D:5      | Entered Level 5 of the Dungeon
  4803 | D:5      | Reached skill level 9 in Axes
  5074 | D:5      | Found a glowing drain.
  5079 | Sewer    | Entered a sewer
  5146 | Sewer    | Noticed Pargi
  5154 | Sewer    | Killed Pargi
  5434 | D:5      | Noticed an angel
  5448 | D:5      | Noticed Blork the orc
  5455 | D:5      | Killed Blork the orc
  5464 | D:5      | Reached skill level 5 in Shields
  5794 | D:5      | Reached XP level 8. HP: 61/66 MP: 7/7
  6095 | D:5      | Found a shimmering altar of Xom.
  6095 | D:5      | Found a glowing silver altar of Zin.
  6442 | D:6      | Found an iron altar of Okawaru.
  6503 | D:6      | Reached skill level 5 in Fighting
  6610 | D:6      | HP: 3/69 [orc priest (1)]
  6735 | D:7      | Noticed Harold
  6738 | D:7      | Slain by Harold

Illustrated notes

Levels and vault maps discovered:
D:1:      roderic_dead_forest, layout_basic
D:2:      layout_basic, minmay_misc_feat_alley
D:3:      layout_basic, minmay_fractal_squares_5
D:4:      layout_loops_ring, minmay_temple_entry_proselytizer, serial_glass,
          glass_columns_c, glass_columns_a, feat_on_display
D:5:      layout_loops_ring, grunt_temple_overflow_order_and_chaos_1,
          lightli_sewer_entry_pipes, corexii_corridor_pit, nicolae_sextant,
          uniq_blork_the_orc
D:6:      layout_basic, kennysheep_little_box, okawaru_metal_pillars_3,
          minmay_circle_x
D:7:      layout_basic, serial_corexii_hall, corexii_hall_statues_x,
          corexii_hall_statues_i, uniq_harold
Temple:   nicolae_temple_great_sept

Skill      XL: |  1  2  3  4  5  6  7  8 |
---------------+-------------------------+-----
Axes           | 3 4 5 6 7 8 9 |  9.8
Dodging        | 2 4 |  4.6
Shields        | 4 5 |  5.1
Fighting       | 4 5 |  5.4
Armour         | 4 |  4.6

Action                   |  1- 3 |  4- 6 |  7- 9 || total
-------------------------+-------+-------+-------++-------
Melee: War axe           |    69 |   154 |   119 ||   342
       Headbutt          |     6 |    26 |    14 ||    46
  Use: Scroll            |     1 |     4 |     5 ||    10
       Potion            |       |       |     1 ||     1
 Stab: Distracted        |       |       |     1 ||     1
Armor: Scale mail        |    20 |    56 |    23 ||    99
       Chain mail        |       |       |    29 ||    29
Dodge: Dodged            |    36 |    83 |    53 ||   172
Block: Buckler           |    12 |    23 |    28 ||    63
